 Dungeon Crawl Stone Soup version 0.28.0-1-gb440e238dd (webtiles) character file.

Game seed: 3480999989856270490

24 mcwallace the Digger (level 3, 0/17 HPs)
             Began as a Vine Stalker Earth Elementalist on Feb 19, 2022.
             Succumbed to a kobold's poison
             ... on level 1 of the Dungeon.
             The game lasted 00:01:56 (585 turns).

mcwallace the Digger (VSEE)                          Turns: 585, Time: 00:01:56

Health: 0/17       AC:  2    Str: 10    XL:     3   Next: 2%
Magic:  4/7        EV: 12    Int: 17    God:
Gold:   29         SH:  0    Dex: 20    Spells: 6/7 levels left

rFire   + . .      SeeInvis .   g - +0 dagger {short}
rCold   . . .      Faith    .   (no shield)
rNeg    . . .      Spirit   +   b - +0 robe
rPois   .          Reflect  .   (no helmet)
rElec   .          Harm     .   (no cloak)
rCorr   .          Rampage  .   (no gloves)
Will    .....                   (no boots)
Stlth   ++........              (no amulet)
HPRegen 0.05/turn               e - +6 ring of dexterity
MPRegen 0.10/turn               h - ring of protection from fire

@: lethally poisoned (0 -> -6)
A: fangs 2, magic shield, antimagic bite, no potion heal 2
a: no special abilities


You were on level 1 of the Dungeon.
You visited 1 branch of the dungeon, and saw 1 of its levels.

You collected 29 gold pieces.


Innate Abilities, Weirdness & Mutations

You have extremely sharp teeth.
When hurt, damage is shared between your health and your magic reserves.
Your bite disrupts and absorbs the magic of your enemies.
Potions cannot restore your health.


   Skills:
 + Level 0.8 Fighting
 + Level 1.8 Dodging
 - Level 2.4 Stealth
 + Level 2.5 Spellcasting
 + Level 1.4 Transmutations
 + Level 3.2 Earth Magic


You had 6 spell levels left.
You knew the following spells:

 Your Spells              Type           Power      Damage    Failure   Level
a - Sandblast             Erth           26%        2d8       4%          1

Your spell library contained the following spells:

 Spells                   Type           Power      Damage    Failure   Level
 Passwall                 Tmut/Erth      8%         N/A       11%         2
 Stone Arrow              Conj/Erth      14%        3d7       28%         3
 Petrify                  Tmut/Erth      10%        N/A       56%         4

Inventory:

Hand Weapons
 d - a +0 whip {mace}
   (You took it off a kobold on level 1 of the Dungeon)
 f - a +0 whip {mace}
   (You took it off a kobold on level 1 of the Dungeon)
 g - a +0 dagger (weapon) {short}
   (You took it off a goblin on level 1 of the Dungeon)
Missiles
 c - 15 stones {throwing}
Armour
 b - a +0 robe (worn)
Jewellery
 e - a +6 ring of dexterity (left hand)
   (You found it on level 1 of the Dungeon)
 h - a ring of protection from fire (right hand)
   (You found it on level 1 of the Dungeon)
Scrolls
 a - a scroll of enchant weapon {unknown}

Dungeon Overview and Level Annotations

Branches:
Dungeon (1/15)

Altars:

Shops:
D:1

= #####.#.# #.................
......#.########.........###.....
#######.#...............## ##....
........+...............# #....
.######.#...............## ##....
..#..................###.....
#[#..........................
#.#.#........................
#.#.+.......@###############.
#.###........# . #..........#.# #
#..##....#.#)# ####..##....#.#.#
♣♣......#....#.#.#
...##...#....#.#.#
♣♣......#....#.#.#
######..#....#.#.#


There were no monsters in sight!


Message History

You lost 1 mp, and now have 1/6 mp.
The blast of sand hits the jackal.
You kill the jackal! 😎 MP[-1]
You lost 1 mp, and now have 0/6 mp.
Things that are here:
a jackal corpse; a jackal corpse; 😎 MP[+6]
Your mp is fully restored (6).
Things that are here:
a jackal corpse; a jackal corpse You see here a rat corpse.
You see here a jackal corpse.
There is an open door here.
Key pressed, stopping explore.
h - a ring of protection from fire
h - a ring of protection from fire (right hand)
A bat comes into view.
You aren't carrying any potions.
g - a +0 dagger (weapon)
{short} You hit the bat but do no damage.
Your punch misses the bat. You bite the bat. You drain its power.
The bat hits you but does no damage. The bat hits you but does no damage.
The bat hits you. 😎 MP[-1]
You lost 1 mp, and now have 5/6 mp.
The bat barely misses you.
You closely miss the bat. The bat hits you. The bat barely misses you. 😕 HP[-1]
You take 1 damage, and now have 13/14 hp.
You closely miss the bat. The bat hits you but does no damage.
The bat barely misses you.
You hit the bat.
You kill the bat!
A goblin comes into view.
It is wielding a +0 club. 😎 HP[+1] MP[+1]
Your hp is fully restored (14).
Your mp is fully restored (6).
A goblin is nearby!
The helpless goblin fails to defend itself.
You puncture the goblin!
You kill the goblin!
No target in view!
No target in view!
Things that are here:
a +0 club {mace}; a goblin corpse You see here a +0 leather armour.
A rat comes into view.
A rat is nearby!
A rat is nearby!
A rat is nearby!
You barely miss the rat. The rat bites you but does no damage.
You barely miss the rat. The rat closely misses you.
You barely miss the rat. The rat closely misses you.
You hit the rat. The rat closely misses you.
You closely miss the rat. You bite the rat.
You kill the rat!
No target in view!
No target in view!
A kobold comes into view. It is wielding a +1 whip of venom.
A kobold is nearby!
A kobold is nearby!
The kobold shouts!
You hit the kobold.
The kobold hits you with a +1 whip of venom.
You are lethally poisoned! 😮 HP[-4] MP[-1]
You take 4 damage, and now have 10/14 hp.
MASSIVE DAMAGE!! (PAUSE)
You lost 1 mp, and now have 5/6 mp.
You closely miss the kobold.
* * * LOW HITPOINT WARNING * * *
You feel very sick. The kobold closely misses you. 😨 HP[-3]
You take 3 damage, and now have 7/14 hp.
MASSIVE DAMAGE!! (PAUSE)
Casting: Sandblast (safe; 5% risk of failure)
Confirm with . or Enter, or press ? or * to list all spells.
Aiming: Sandblast (safe; 5% risk of failure)
Press: ? - help, Shift-Dir - straight line, f - kobold
Aim: a kobold, wielding a +1 whip of venom (heavily wounded, 74% to hit)
The blast of sand hits the kobold!
You kill the kobold!
* * * LOW HITPOINT WARNING * * *
You feel very sick.
You have reached level 3!
Your experience leads to an increase in your attributes!
Your base attributes are Str 10, Int 15, Dex 14.
Increase (S)trength, (I)ntelligence, or (D)exterity?
You feel clever. x2 😨 HP[-2] MP[-1]
You now have 17 max hp (+3).
* * * LOW HITPOINT WARNING * * *
You feel sick. 😱 HP[-2]
You take 2 damage, and now have 3/17 hp.
* * * LOW HITPOINT WARNING * * *
You feel sick. 😱 HP[-1]
You take 1 damage, and now have 2/17 hp.
You die...

Action                   || total
-------------------------++-------
Melee: Unarmed           ||     8
       Dagger            ||    12
       Bite              ||     3
       Punch             ||     1
 Cast: Sandblast         ||    20
 Stab: Sleeping          ||     1
Armor: Robe              ||     8
Dodge: Dodged            ||    18

Levels and vault maps discovered:
D:1:      minmay_arrival_four_circles, layout_basic, serial_forest,
          infiniplex_forest_lined_ring, infiniplex_forest_lined_4_way,
          infiniplex_forest_clump_tiny, infiniplex_forest_clump_curved,
          infiniplex_forest_straight_1, infiniplex_forest_clump_curved,
          chequers_ecumenical_altar_twisty, nicolae_shop_unique_rings

Notes
Turn   | Place    | Note
-------+----------+-------------------------------------------
     0 | D:1      | mcwallace the Vine Stalker Earth Elementalist began the
                  | quest for the Orb.
     0 | D:1      | Reached XP level 1. HP: 9/9 MP: 4/4
     0 | D:1      | magus.rc [v1.9.6]
   218 | D:1      | Reached XP level 2. HP: 14/14 MP: 1/6
   379 | D:1      | Found Fezuur's One-of-a-Kind Rings.
   583 | D:1      | Reached XP level 3. HP: 5/17 MP: 4/7
   583 | D:1      | HP: 3/17 [poisoned by a kobold]
   585 | D:1      | Succumbed to a kobold's poison

Vanquished Creatures
  A bat (D:1)
  An endoplasm (D:1)
  2 giant cockroaches (D:1)
  2 goblins (D:1)
  2 hobgoblins (D:1)
  3 jackals (D:1)
  3 kobolds (D:1)
  2 ball pythons (D:1)
  2 frilled lizards (D:1)
  3 rats (D:1)
21 creatures vanquished.

Vanquished Creatures (others)
  A plant (D:1)
1 creature vanquished.

Grand Total: 22 creatures vanquished

Table legend:
 A = Non-vault XP
 B = Vault XP
 C = Vault XP percentage of total XP
 D = Non-vault monster count
 E = Vault monster count
 F = Vault count percentage of total count
                 A         B        C        D         E       F
            +---------+---------+-------+---------+---------+-------
      Total |      35 |       0 |   0.0 |      21 |       0 |   0.0
            +---------+---------+-------+---------+---------+-------
        D:1 |      35 |       0 |   0.0 |      21 |       0 |   0.0
            +---------+---------+-------+---------+---------+-------

Illustrated notes

Table legend:
 A = Kills in this place as a percentage of kills in entire the game.
 B = Kills by you in this place as a percentage of kills by you in the entire game.
 C = Kills by friends in this place as a percentage of kills by friends in the entire game.
 D = Other kills in this place as a percentage of other kills in the entire game.
 E = Experience gained in this place as a percentage of experience gained in the entire game.
 F = Experience gained in this place divided by the number of levels of this place that you have seen.
                   A       B       C       D       E      F
               +-------+-------+-------+-------+-------+----------------------
         Total | 100.0 | 100.0 |   N/A |   N/A | 100.0 |  35.0
       Dungeon | 100.0 | 100.0 |   N/A |   N/A | 100.0 |  35.0
               +-------+-------+-------+-------+-------+----------------------

Table legend: (Time is in decaauts)
 A = Elapsed time spent in this place.
 B = Non-inter-level travel time spent in this place.
 C = Inter-level travel time spent in this place.
 D = Time resting spent in this place.
 E = Time spent auto-exploring this place.
 F = Levels seen in this place.
 G = Mean time per level.
                   A        B        C        D        E       F      G
               +--------+--------+--------+--------+--------+-----+--------+
         Total |    583 |    583 |      0 |      0 |    457 |   1 |  583.0 |
       Dungeon |    583 |    583 |      0 |      0 |    457 |   1 |  583.0 |
               +--------+--------+--------+--------+--------+-----+--------+

Top non-repeatable levels by time:
     D:1: 583 daAuts
